Atomiques vs Mulligans
Created - October 23, 2020 at 23:40
Goals
|
Atomiques |
4 |
2 |
1 |
7 |
Mulligans |
2 |
2 |
1 |
5 |
|
Shots
|
Atomiques |
15 |
13 |
11 |
39 |
Mulligans |
11 |
8 |
8 |
27 |
|
1st period
1. Mulligans , Joonas Donskoi 2 (Logan Shaw 4, Brandon Carlo 2) at 4:55
2. Atomiques , Brendan Perlini 2 (Kevin Fiala 4, Matt Tennyson 2) at 10:01
3. Atomiques , Kevin Fiala 1 (Brendan Perlini 2, Oscar Sundqvist 2) at 12:31
4. Atomiques , Brock McGinn 4 (Oscar Sundqvist 3) at 16:33
5. Atomiques , Denis Gurianov 1 (William Nylander 1, Michael Chaput 1) at 16:37
6. Mulligans , Sam Bennett 1 (Maxime Macenauer 4) at 16:57 (SH)
Penalties :
Sven Baertschi (Rep) for Interference (Minor) at 16:52
2nd period
7. Mulligans , Sam Bennett 2 (Maxime Macenauer 5, Conor Garland 2) at 5:54
8. Mulligans , Joonas Donskoi 3 (Robbie Russo 1, Valeri Nichushkin 1) at 6:47
9. Atomiques , Oscar Sundqvist 2 (Brock McGinn 1, Wiley Sherman 2) at 13:46 (PP)
10. Atomiques , Nicolas Aube-Kubel 2 (Kerby Rychel 2) at 17:24
Penalties :
Oscar Sundqvist (STB) for High sticking (Minor) at 8:23, Juuse Saros (Rep) for Slashing (Minor) at 13:32 - Logan Shaw served the penalty
3rd period
11. Mulligans , Logan Shaw 2 (Anton Lander 3, Sven Baertschi 3) at 14:58
12. Atomiques , Kerby Rychel 1 (Nicolas Aube-Kubel 1, Oliver Kylington 1) at 19:09
Penalties :
Kevin Fiala (STB) for Hooking (Minor) at 0:55, Brendan Guhle (STB) for Hooking (Minor) at 16:56, Robby Fabbri (Rep) for Holding (Minor) at 19:19
Goalie Stats
Alex Nedeljkovic (STB), 22 saves from 27 shots - (0.815), W, 1-2-0, 60:00 minutes
Calvin Pickard (Rep), 8 saves from 12 shots - (0.667), 16:37 minutes
Juuse Saros (Rep), 24 saves from 27 shots - (0.889), L, 0-1-0, 43:23 minutes
Players Stats for Atomiques
Player Name G A P +/- PIM S H SB GA TA FO MP PP MP PK MP
------------------------------------------------------------------------------------
Brendan Guhle 0 0 0 3 2 3 2 0 0 1 0/0 19:34 0:00 1:28
Brendan Perlini 1 1 2 -1 0 3 0 0 2 1 0/0 11:52 0:00 0:00
Brock McGinn 1 1 2 1 0 5 3 0 1 0 1/1 21:07 1:23 3:08
Chase De Leo 0 0 0 1 0 0 1 0 0 0 0/5 9:09 0:00 0:00
Christian Fischer 0 0 0 1 0 2 2 0 2 0 0/0 17:43 1:23 0:00
Denis Gurianov 1 0 1 -1 0 3 0 2 2 0 1/1 14:51 1:30 0:00
Dylan Strome 0 0 0 -1 0 1 2 0 0 0 2/4 11:54 0:00 0:04
Jeremy Lauzon 0 0 0 2 0 1 0 1 1 1 0/0 20:44 0:43 2:08
Kerby Rychel 1 1 2 2 0 2 3 2 0 0 0/0 11:15 0:00 1:52
Kevin Fiala 1 1 2 -1 2 3 0 0 0 0 1/1 11:56 0:00 0:00
Matt Tennyson 0 1 1 1 0 3 6 3 1 0 0/0 27:03 2:10 3:49
Michael Chaput 0 1 1 -1 0 3 4 0 1 2 7/15 17:20 1:30 2:24
Nicolas Aube-Kubel 1 1 2 2 0 3 1 0 0 0 1/2 11:44 0:00 2:21
Oliver Kylington 0 1 1 -2 0 0 0 0 0 0 0/0 13:36 0:43 0:40
Oscar Sundqvist 1 2 3 1 2 3 3 0 1 0 13/30 19:52 1:23 2:01
Sean Walker 0 0 0 -2 0 0 1 0 0 0 0/0 12:13 0:00 0:00
Wiley Sherman 0 1 1 1 0 2 2 1 0 3 0/0 27:03 2:10 3:49
William Nylander 0 1 1 -1 0 2 0 0 1 2 1/1 15:04 1:30 0:04
Players Stats for Mulligans
Player Name G A P +/- PIM S H SB GA TA FO MP PP MP PK MP
------------------------------------------------------------------------------------
Anton Lander 0 1 1 -2 0 0 0 0 1 1 16/29 21:06 2:45 0:22
Ben Hutton 0 0 0 0 0 0 0 0 0 0 0/0 0:06 0:00 0:00
Brandon Carlo 0 1 1 3 0 3 1 3 1 1 0/0 26:58 3:38 2:24
Brett Seney 0 0 0 -1 0 2 0 1 0 1 0/0 10:32 0:00 0:15
Christian Wolanin 0 0 0 0 0 0 2 0 0 0 0/0 17:48 3:17 0:11
Conor Garland 0 1 1 -1 0 1 0 0 0 0 0/0 11:04 0:30 0:00
Dalton Thrower 0 0 0 -3 0 0 3 2 0 2 0/0 23:08 2:40 0:29
Darren Dietz 0 0 0 -3 0 1 0 1 1 1 0/0 20:07 2:19 0:29
Ilya Lyubushkin 0 0 0 -1 0 0 1 1 0 1 0/0 9:15 0:00 0:00
Jonny Brodzinski 0 0 0 -1 0 2 1 0 1 0 4/5 10:17 0:00 0:00
Joonas Donskoi 2 0 2 1 0 2 0 0 0 1 0/0 12:27 0:38 0:00
Logan Shaw 1 1 2 -2 0 4 1 1 1 0 0/1 20:42 2:43 0:22
Maxime Macenauer 0 2 2 1 0 1 2 1 2 1 9/16 17:08 2:34 2:16
Reid Boucher 0 0 0 1 0 2 1 0 0 0 0/0 12:04 0:00 0:23
Robbie Russo 0 1 1 2 0 0 2 1 0 0 0/0 19:48 0:00 2:13
Robby Fabbri 0 0 0 1 2 2 1 0 1 0 3/6 12:21 0:48 0:00
Sam Bennett 2 0 2 1 0 2 1 0 2 2 0/0 16:36 2:34 2:08
Sven Baertschi 0 1 1 -2 2 4 1 2 0 0 1/2 20:44 2:45 0:00
Valeri Nichushkin 0 1 1 0 0 1 2 0 0 1 0/1 14:54 2:34 0:00
3 Stars
1 - Kerby Rychel (STB)
2 - Oscar Sundqvist (STB)
3 - Nicolas Aube-Kubel (STB)
Power Play
Atomiques - 1 on 3 Attempt(s) - 33.33%
Mulligans - 0 on 3 Attempt(s) - 0.00%
Penalty Kill
Atomiques - 3 on 3 Attempt(s) - 100.00%
- Score 0 goal in Penalty Kill
Mulligans - 2 on 3 Attempt(s) - 66.67%
- Score 1 goal in Penalty Kill
Team Stat
Atomiques - Hits : 30 - Faceoff Wins : 27 - Blocked Shots : 9 - Penalty Minutes : 6
Mulligans - Hits : 19 - Faceoff Wins : 33 - Blocked Shots : 13 - Penalty Minutes : 6
Official
Referees : Unknown
Linesman : Unknown
Game Notes
Ben Hutton is injured at 0:05 of 1st period (Strained Left Knee)
Juuse Saros enters game at 16:37 of 1st period
Ilya Lyubushkin is injured at 0:11 of 2nd period (Right Leg)
Finance
Level 1 -- Attendance: 2000 (100.00%) -- Ticket Income $38,000
Level 2 -- Attendance: 1000 (100.00%) -- Ticket Income $9,000
Total Attendance: 3000 (100.00%)
Total Ticket Income: $47,000
Other Income: $2,350
Total Income: $49,350
Atomiques
5 vs 5 Forward
Center Left Wing Right Wing Time % Phy DF OF
1 Oscar Sundqvist Brock McGinn Christian Fischer 40 1 2 2
2 Michael Chaput William Nylander Denis Gurianov 30 1 2 2
3 Dylan Strome Brendan Perlini Kevin Fiala 20 1 2 2
4 Chase De Leo Kerby Rychel Nicolas Aube-Kubel 10 1 2 2
5 vs 5 Defense
Defense Defense Time % Phy DF OF
1 Wiley Sherman Matt Tennyson 40 1 2 2
2 Jeremy Lauzon Brendan Guhle 30 1 2 2
3 Oliver Kylington Sean Walker 20 1 2 2
4 Wiley Sherman Matt Tennyson 10 1 2 2
PowerPlay Forward
Center Left Wing Right Wing Time % Phy DF OF
1 Oscar Sundqvist Brock McGinn Christian Fischer 60 1 2 2
2 Michael Chaput William Nylander Denis Gurianov 40 1 2 2
PowerPlay Defense
Defense Defense Time % Phy DF OF
1 Wiley Sherman Matt Tennyson 60 1 2 2
2 Jeremy Lauzon Oliver Kylington 40 1 2 2
Penalty Kill 4 Players Forward
Center Wing Time % Phy DF OF
1 Oscar Sundqvist Brock McGinn 60 1 2 2
2 Michael Chaput Nicolas Aube-Kubel 40 1 2 2
Penalty Kill 4 Players Defense
Defense Defense Time % Phy DF OF
1 Wiley Sherman Matt Tennyson 60 1 2 2
2 Jeremy Lauzon Brendan Guhle 40 1 2 2
Penalty Kill - 3 Players Forward
Forward Time % Phy DF OF
1 Oscar Sundqvist 60 1 2 2
2 Michael Chaput 40 1 2 2
Penalty Kill - 3 Players Defense
Defense Defense Time % Phy DF OF
1 Wiley Sherman Matt Tennyson 60 1 2 2
2 Jeremy Lauzon Brendan Guhle 40 1 2 2
4 vs 4 Forward
Center Wing Time % Phy DF OF
1 Oscar Sundqvist Brock McGinn 60 1 2 2
2 Michael Chaput William Nylander 40 1 2 2
4 vs 4 Defense
Defense Defense Time % Phy DF OF
1 Wiley Sherman Matt Tennyson 60 1 2 2
2 Jeremy Lauzon Brendan Guhle 40 1 2 2
Last Minutes Offensive
Center Left Wing Right Wing Defense Defense
Oscar Sundqvist Brock McGinn Christian Fischer Wiley Sherman Jeremy Lauzon
Last Minutes Defensive
Center Left Wing Right Wing Defense Defense
Oscar Sundqvist Brock McGinn Christian Fischer Brendan Guhle Matt Tennyson
Goaltenders
Starting : Alex Nedeljkovic
Backup : Kaapo Kahkonen
Extra Forwards
Normal : Brendan Perlini, Kevin Fiala, William Nylander - PP : Brendan Perlini, Kevin Fiala - PK : Nicolas Aube-Kubel
Extra Defensemen
Normal : Sean Walker, Oliver Kylington, Matt Tennyson - PP : Oliver Kylington - PK : Oliver Kylington, Sean Walker
Penalty Shots
Oscar Sundqvist, Kevin Fiala, William Nylander, Matt Tennyson, Michael Chaput
Scratches
Max McCormick (Healthy), Dalton Smith (Healthy), Axel Holmstrom (Healthy), Keegan Iverson (Healthy)
Mulligans
5 vs 5 Forward
Center Left Wing Right Wing Time % Phy DF OF
1 Anton Lander Sven Baertschi Logan Shaw 40 0 2 3
2 Maxime Macenauer Sam Bennett Valeri Nichushkin 30 0 2 3
3 Robby Fabbri Reid Boucher Joonas Donskoi 20 0 2 3
4 Jonny Brodzinski Brett Seney Conor Garland 10 0 2 3
5 vs 5 Defense
Defense Defense Time % Phy DF OF
1 Ben Hutton Brandon Carlo 40 0 3 2
2 Darren Dietz Dalton Thrower 30 0 3 2
3 Ilya Lyubushkin Robbie Russo 20 0 3 2
4 Christian Wolanin Ben Hutton 10 0 3 2
PowerPlay Forward
Center Left Wing Right Wing Time % Phy DF OF
1 Anton Lander Sven Baertschi Logan Shaw 60 0 1 4
2 Maxime Macenauer Sam Bennett Valeri Nichushkin 40 0 1 4
PowerPlay Defense
Defense Defense Time % Phy DF OF
1 Ben Hutton Brandon Carlo 60 0 2 3
2 Darren Dietz Dalton Thrower 40 0 2 3
Penalty Kill 4 Players Forward
Center Wing Time % Phy DF OF
1 Maxime Macenauer Sam Bennett 60 1 3 1
2 Anton Lander Logan Shaw 40 1 3 1
Penalty Kill 4 Players Defense
Defense Defense Time % Phy DF OF
1 Ben Hutton Brandon Carlo 60 1 4 0
2 Darren Dietz Dalton Thrower 40 1 4 0
Penalty Kill - 3 Players Forward
Forward Time % Phy DF OF
1 Sven Baertschi 60 1 3 1
2 Logan Shaw 40 1 3 1
Penalty Kill - 3 Players Defense
Defense Defense Time % Phy DF OF
1 Ben Hutton Brandon Carlo 60 1 4 0
2 Darren Dietz Dalton Thrower 40 1 4 0
4 vs 4 Forward
Center Wing Time % Phy DF OF
1 Anton Lander Logan Shaw 60 0 2 3
2 Maxime Macenauer Sven Baertschi 40 0 2 3
4 vs 4 Defense
Defense Defense Time % Phy DF OF
1 Ben Hutton Brandon Carlo 60 0 3 2
2 Darren Dietz Dalton Thrower 40 0 3 2
Last Minutes Offensive
Center Left Wing Right Wing Defense Defense
Anton Lander Sven Baertschi Logan Shaw Ben Hutton Darren Dietz
Last Minutes Defensive
Center Left Wing Right Wing Defense Defense
Anton Lander Sven Baertschi Logan Shaw Darren Dietz Brandon Carlo
Goaltenders
Starting : Calvin Pickard
Backup : Juuse Saros
Extra Forwards
Normal : Robby Fabbri, Valeri Nichushkin, Reid Boucher - PP : Robby Fabbri, Joonas Donskoi - PK : Reid Boucher
Extra Defensemen
Normal : Ilya Lyubushkin, Robbie Russo, Christian Wolanin - PP : Ilya Lyubushkin - PK : Robbie Russo, Christian Wolanin
Penalty Shots
Anton Lander, Logan Shaw, Maxime Macenauer, Sven Baertschi, Joonas Donskoi
Scratches
Cristiano Digiacinto (Healthy)
% Time on Ice - Atomiques
Lines # - Real PCT - Wanted PCT - Time Play
Normal Forward
1 - 33% - 40% - 16:59
2 - 26% - 30% - 13:21
3 - 23% - 20% - 11:41
4 - 18% - 10% - 9:09
Normal Defense
1 - 37% - 40% - 18:42
2 - 35% - 30% - 17:53
3 - 24% - 20% - 12:13
4 - 5% - 10% - 2:22
PP Forward
1 - 48% - 60% - 1:23
2 - 52% - 40% - 1:30
PP Defense
1 - 75% - 60% - 2:10
2 - 25% - 40% - 0:43
PK Forward
1 - 87% - 60% - 5:09
2 - 13% - 40% - 0:48
PK Defense
1 - 64% - 60% - 3:49
2 - 36% - 40% - 2:08
PK3 Forward
1 - 0% - 60%
2 - 0% - 40%
PK3 Defense
1 - 0% - 60%
2 - 0% - 40%
44 Forward
1 - 0% - 60%
2 - 0% - 40%
44 Defense
1 - 0% - 60%
2 - 0% - 40%
Last Minute Offensive - 0:00
Last Minute Defensive - 0:00
Total
Forward - 60:00
Defense - 60:00
|
% Time on Ice - Mulligans
Lines # - Real PCT - Wanted PCT - Time Play
Normal Forward
1 - 35% - 40% - 17:48
2 - 23% - 30% - 11:54
3 - 22% - 20% - 11:08
4 - 20% - 10% - 10:17
Normal Defense
1 - 37% - 40% - 18:46
2 - 27% - 30% - 14:00
3 - 21% - 20% - 10:57
4 - 14% - 10% - 7:24
PP Forward
1 - 57% - 60% - 3:23
2 - 43% - 40% - 2:34
PP Defense
1 - 61% - 60% - 3:38
2 - 39% - 40% - 2:19
PK Forward
1 - 87% - 60% - 2:31
2 - 13% - 40% - 0:22
PK Defense
1 - 83% - 60% - 2:24
2 - 17% - 40% - 0:29
PK3 Forward
1 - 0% - 60%
2 - 0% - 40%
PK3 Defense
1 - 0% - 60%
2 - 0% - 40%
44 Forward
1 - 0% - 60%
2 - 0% - 40%
44 Defense
1 - 0% - 60%
2 - 0% - 40%
Last Minute Offensive - 0:03
Last Minute Defensive - 0:00
Total
Forward - 60:00
Defense - 60:00
|
Play-by-Play
1st period
0:01 of 1st period - Oscar Sundqvist wins face-off versus Anton Lander in neutral zone.
0:04 of 1st period - Ben Hutton is hit by Matt Tennyson and loses puck.
0:05 of 1st period - Ben Hutton from Mulligans is injured at 0:05 of 1st period (Strained Left Knee).
0:06 of 1st period - Michael Chaput wins face-off versus Maxime Macenauer in Mulligans zone.
0:31 of 1st period - Brendan Guhle is hit by Dalton Thrower and loses puck.
1:04 of 1st period - Wrist shot by Sven Baertschi.
1:04 of 1st period - Stopped by Alex Nedeljkovic without a rebound.
1:05 of 1st period - Jonny Brodzinski wins face-off versus Oscar Sundqvist in Atomiques zone.
1:06 of 1st period - Snap shot by Brett Seney.
1:06 of 1st period - Stopped by Alex Nedeljkovic without a rebound.
1:07 of 1st period - Jonny Brodzinski wins face-off versus Oscar Sundqvist in Atomiques zone.
1:32 of 1st period - Slapshot by Sam Bennett.
1:32 of 1st period - Deflect By Maxime Macenauer.
1:32 of 1st period - Stopped by Alex Nedeljkovic with a rebound.
2:04 of 1st period - Snap shot by Oscar Sundqvist.
2:04 of 1st period - Shot Blocked by Robbie Russo.
2:06 of 1st period - Slapshot by Brock McGinn.
2:06 of 1st period - Stopped by Calvin Pickard without a rebound.
2:07 of 1st period - Michael Chaput wins face-off versus Anton Lander in Mulligans zone.
2:34 of 1st period - Matt Tennyson is hit by Reid Boucher and loses puck.
2:51 of 1st period - Wrist shot by Jonny Brodzinski.
2:51 of 1st period - Stopped by Alex Nedeljkovic with a rebound.
3:08 of 1st period - Icing by Jeremy Lauzon.
3:09 of 1st period - Maxime Macenauer wins face-off versus Chase De Leo in Atomiques zone.
3:12 of 1st period - Wrist shot by Logan Shaw.
3:12 of 1st period - Stopped by Alex Nedeljkovic with a rebound.
3:18 of 1st period - Snap shot by Nicolas Aube-Kubel.
3:18 of 1st period - Stopped by Calvin Pickard with a rebound.
3:20 of 1st period - Wrist shot by Kerby Rychel.
3:20 of 1st period - Shot Blocked by Darren Dietz.
3:22 of 1st period - Wrist shot by Brendan Guhle.
3:22 of 1st period - Stopped by Calvin Pickard without a rebound.
3:23 of 1st period - Denis Gurianov wins face-off versus Logan Shaw in Mulligans zone.
3:30 of 1st period - Wiley Sherman is hit by Robbie Russo and loses puck.
3:59 of 1st period - Snap shot by Joonas Donskoi.
3:59 of 1st period - Shot Misses the Net.
4:42 of 1st period - Brandon Carlo is hit by Chase De Leo and loses puck.
4:55 of 1st period - Snap shot by Joonas Donskoi.
4:55 of 1st period - Goal by Joonas Donskoi - Atomiques : 0 - Mulligans : 1.
4:56 of 1st period - Oscar Sundqvist wins face-off versus Anton Lander in neutral zone.
5:22 of 1st period - Robbie Russo is hit by Michael Chaput.
5:54 of 1st period - Wrist shot by Conor Garland.
5:54 of 1st period - Shot Misses the Net.
6:06 of 1st period - Snap shot by Brendan Perlini.
6:06 of 1st period - Stopped by Calvin Pickard without a rebound.
6:07 of 1st period - Dylan Strome wins face-off versus Robby Fabbri in Mulligans zone.
6:30 of 1st period - Snap shot by Reid Boucher.
6:30 of 1st period - Shot Misses the Net.
7:13 of 1st period - Off-side.
7:14 of 1st period - Anton Lander wins face-off versus Oscar Sundqvist in neutral zone.
7:17 of 1st period - Wrist shot by Logan Shaw.
7:17 of 1st period - Shot Blocked by Jeremy Lauzon.
8:04 of 1st period - Brett Seney is hit by Wiley Sherman and loses puck.
8:14 of 1st period - Off-side.
8:15 of 1st period - Anton Lander wins face-off versus Chase De Leo in neutral zone.
8:33 of 1st period - Anton Lander is hit by Kerby Rychel and loses puck.
9:04 of 1st period - Snap shot by Logan Shaw.
9:04 of 1st period - Stopped by Alex Nedeljkovic without a rebound.
9:05 of 1st period - Maxime Macenauer wins face-off versus Oscar Sundqvist in Atomiques zone.
9:51 of 1st period - Snap shot by Robby Fabbri.
9:51 of 1st period - Stopped by Alex Nedeljkovic without a rebound.
9:52 of 1st period - Robby Fabbri wins face-off versus Dylan Strome in Atomiques zone.
9:59 of 1st period - Backhand shot by Kevin Fiala.
9:59 of 1st period - Stopped by Calvin Pickard with a rebound.
10:01 of 1st period - Snap shot by Brendan Perlini.
10:01 of 1st period - Goal by Brendan Perlini - Atomiques : 1 - Mulligans : 1.
10:02 of 1st period - Oscar Sundqvist wins face-off versus Anton Lander in neutral zone.
10:29 of 1st period - Michael Chaput is hit by Ilya Lyubushkin and loses puck.
11:30 of 1st period - Wrist shot by Chase De Leo.
11:30 of 1st period - Shot Misses the Net.
11:32 of 1st period - Slapshot by Matt Tennyson.
11:32 of 1st period - Shot Blocked by Brandon Carlo.
11:34 of 1st period - Wrist shot by Wiley Sherman.
11:34 of 1st period - Shot Blocked by Ilya Lyubushkin.
11:36 of 1st period - Wrist shot by Kerby Rychel.
11:36 of 1st period - Shot Misses the Net.
11:38 of 1st period - Wrist shot by Wiley Sherman.
11:38 of 1st period - Shot Misses the Net.
11:40 of 1st period - Backhand shot by Kerby Rychel.
11:40 of 1st period - Deflect By Nicolas Aube-Kubel.
11:40 of 1st period - Stopped by Calvin Pickard with a rebound.
12:31 of 1st period - Wrist shot by Kevin Fiala.
12:31 of 1st period - Goal by Kevin Fiala - Atomiques : 2 - Mulligans : 1.
12:32 of 1st period - Anton Lander wins face-off versus Oscar Sundqvist in neutral zone.
12:40 of 1st period - Snap shot by Brock McGinn.
12:40 of 1st period - Shot Blocked by Dalton Thrower.
12:42 of 1st period - Snap shot by Oscar Sundqvist.
12:42 of 1st period - Shot Blocked by Sven Baertschi.
12:58 of 1st period - Denis Gurianov is hit by Dalton Thrower and loses puck.
13:09 of 1st period - Wrist shot by Denis Gurianov.
13:09 of 1st period - Stopped by Calvin Pickard without a rebound.
13:10 of 1st period - Anton Lander wins face-off versus Oscar Sundqvist in Mulligans zone.
14:18 of 1st period - Icing by Jeremy Lauzon.
14:19 of 1st period - Oscar Sundqvist wins face-off versus Jonny Brodzinski in Atomiques zone.
14:46 of 1st period - Wrist shot by Jonny Brodzinski.
14:46 of 1st period - Stopped by Alex Nedeljkovic with a rebound.
15:02 of 1st period - Wrist shot by Brett Seney.
15:02 of 1st period - Shot Misses the Net.
15:39 of 1st period - Brock McGinn is hit by Jonny Brodzinski and loses puck.
16:06 of 1st period - Snap shot by Brock McGinn.
16:06 of 1st period - Shot Blocked by Dalton Thrower.
16:08 of 1st period - Slapshot by Brendan Guhle.
16:08 of 1st period - Stopped by Calvin Pickard with a rebound.
16:16 of 1st period - Dalton Thrower is hit by Oscar Sundqvist and loses puck.
16:33 of 1st period - Wrist shot by Brock McGinn.
16:33 of 1st period - Goal by Brock McGinn - Atomiques : 3 - Mulligans : 1.
16:34 of 1st period - Michael Chaput wins face-off versus Anton Lander in neutral zone.
16:37 of 1st period - Snap shot by Denis Gurianov.
16:37 of 1st period - Goal by Denis Gurianov - Atomiques : 4 - Mulligans : 1.
16:37 of 1st period - Juuse Saros enters game.
16:38 of 1st period - Anton Lander wins face-off versus Michael Chaput in neutral zone.
16:52 of 1st period - Minor Penalty to Sven Baertschi for Interference.
16:53 of 1st period - Maxime Macenauer wins face-off versus Michael Chaput in Mulligans zone.
16:57 of 1st period - Snap shot by Sam Bennett.
16:57 of 1st period - Goal by Sam Bennett - Atomiques : 4 - Mulligans : 2.
16:58 of 1st period - Michael Chaput wins face-off versus Maxime Macenauer in neutral zone.
17:05 of 1st period - Snap shot by William Nylander.
17:05 of 1st period - Deflect By Michael Chaput.
17:05 of 1st period - Shot Misses the Net.
17:05 of 1st period - Puck is out of play.
17:06 of 1st period - Maxime Macenauer wins face-off versus Michael Chaput in Mulligans zone.
17:22 of 1st period - Snap shot by William Nylander.
17:22 of 1st period - Stopped by Juuse Saros with a rebound.
17:24 of 1st period - Slapshot by Matt Tennyson.
17:24 of 1st period - Stopped by Juuse Saros with a rebound.
17:26 of 1st period - Slapshot by Wiley Sherman.
17:26 of 1st period - Stopped by Juuse Saros without a rebound.
17:27 of 1st period - Maxime Macenauer wins face-off versus Oscar Sundqvist in Mulligans zone.
18:20 of 1st period - Maxime Macenauer is hit by Oscar Sundqvist and loses puck.
18:52 of 1st period - Penalty to Sven Baertschi is over, Sven Baertschi is back on ice.
19:52 of 1st period - Snap shot by Joonas Donskoi.
19:52 of 1st period - Deflect By Reid Boucher.
19:52 of 1st period - Stopped by Alex Nedeljkovic without a rebound.
19:53 of 1st period - Michael Chaput wins face-off versus Valeri Nichushkin in Atomiques zone.
Goals for this period are 4 for Atomiques vs 2 for Mulligans.
Shots for this period are 15 for Atomiques vs 11 for Mulligans.
2nd period
0:01 of 2nd period - Anton Lander wins face-off versus Michael Chaput in neutral zone.
0:10 of 2nd period - Ilya Lyubushkin is hit by Michael Chaput and loses puck.
0:11 of 2nd period - Ilya Lyubushkin from Mulligans is injured at 0:11 of 2nd period (Right Leg).
0:12 of 2nd period - Anton Lander wins face-off versus Michael Chaput in Mulligans zone.
0:12 of 2nd period - Anton Lander is hit by Matt Tennyson.
0:38 of 2nd period - Matt Tennyson is hit by Christian Wolanin and loses puck.
2:30 of 2nd period - Slapshot by Robby Fabbri.
2:30 of 2nd period - Shot Misses the Net.
2:45 of 2nd period - Icing by Dalton Thrower.
2:46 of 2nd period - Anton Lander wins face-off versus Chase De Leo in Mulligans zone.
2:55 of 2nd period - Slapshot by Logan Shaw.
2:55 of 2nd period - Stopped by Alex Nedeljkovic with a rebound.
2:57 of 2nd period - Snap shot by Sven Baertschi.
2:57 of 2nd period - Shot Misses the Net.
2:59 of 2nd period - Snap shot by Robbie Russo.
2:59 of 2nd period - Shot Blocked by Kerby Rychel.
3:01 of 2nd period - Snap shot by Sven Baertschi.
3:01 of 2nd period - Stopped by Alex Nedeljkovic with a rebound.
3:23 of 2nd period - Wrist shot by Logan Shaw.
3:23 of 2nd period - Deflect By Wiley Sherman.
3:23 of 2nd period - Shot Blocked by Matt Tennyson.
3:23 of 2nd period - Puck is out of play.
3:24 of 2nd period - Maxime Macenauer wins face-off versus Oscar Sundqvist in Atomiques zone.
4:59 of 2nd period - Michael Chaput is hit by Valeri Nichushkin.
5:17 of 2nd period - Nicolas Aube-Kubel is hit by Robby Fabbri and loses puck.
5:34 of 2nd period - Brendan Perlini is hit by Sven Baertschi and loses puck.
5:39 of 2nd period - Snap shot by Anton Lander.
5:39 of 2nd period - Shot Misses the Net.
5:47 of 2nd period - Oliver Kylington is hit by Maxime Macenauer and loses puck.
5:54 of 2nd period - Snap shot by Sam Bennett.
5:54 of 2nd period - Goal by Sam Bennett - Atomiques : 4 - Mulligans : 3.
5:55 of 2nd period - Oscar Sundqvist wins face-off versus Anton Lander in neutral zone.
6:47 of 2nd period - Snap shot by Joonas Donskoi.
6:47 of 2nd period - Goal by Joonas Donskoi - Atomiques : 4 - Mulligans : 4.
6:48 of 2nd period - Oscar Sundqvist wins face-off versus Anton Lander in neutral zone.
7:29 of 2nd period - Icing by Maxime Macenauer.
7:30 of 2nd period - Maxime Macenauer wins face-off versus Dylan Strome in Mulligans zone.
7:57 of 2nd period - Slapshot by Brock McGinn.
7:57 of 2nd period - Shot Misses the Net.
8:01 of 2nd period - Snap shot by Oscar Sundqvist.
8:01 of 2nd period - Stopped by Juuse Saros without a rebound.
8:02 of 2nd period - Oscar Sundqvist wins face-off versus Maxime Macenauer in Mulligans zone.
8:12 of 2nd period - Off-side.
8:13 of 2nd period - Oscar Sundqvist wins face-off versus Sven Baertschi in neutral zone.
8:23 of 2nd period - Minor Penalty to Oscar Sundqvist for High sticking.
8:24 of 2nd period - Nicolas Aube-Kubel wins face-off versus Anton Lander in Atomiques zone.
8:28 of 2nd period - Wrist shot by Brock McGinn.
8:28 of 2nd period - Stopped by Juuse Saros without a rebound.
8:29 of 2nd period - Anton Lander wins face-off versus Nicolas Aube-Kubel in Mulligans zone.
8:57 of 2nd period - Snap shot by Sven Baertschi.
8:57 of 2nd period - Stopped by Alex Nedeljkovic without a rebound.
8:58 of 2nd period - Michael Chaput wins face-off versus Maxime Macenauer in Atomiques zone.
10:23 of 2nd period - Penalty to Oscar Sundqvist is over, Oscar Sundqvist is back on ice.
10:37 of 2nd period - Snap shot by Kevin Fiala.
10:37 of 2nd period - Stopped by Juuse Saros with a rebound.
10:39 of 2nd period - Slapshot by Oliver Kylington.
10:39 of 2nd period - Shot Misses the Net.
10:41 of 2nd period - Wrist shot by Kevin Fiala.
10:41 of 2nd period - Shot Blocked by Brandon Carlo.
10:43 of 2nd period - Wrist shot by Kevin Fiala.
10:43 of 2nd period - Shot Misses the Net.
10:57 of 2nd period - Slapshot by Brandon Carlo.
10:57 of 2nd period - Stopped by Alex Nedeljkovic with a rebound.
10:59 of 2nd period - Slapshot by Brandon Carlo.
10:59 of 2nd period - Deflect By Conor Garland.
10:59 of 2nd period - Stopped by Alex Nedeljkovic with a rebound.
11:01 of 2nd period - Snap shot by Jonny Brodzinski.
11:01 of 2nd period - Shot Misses the Net.
11:03 of 2nd period - Wrist shot by Brett Seney.
11:03 of 2nd period - Stopped by Alex Nedeljkovic with a rebound.
11:26 of 2nd period - Wrist shot by Brock McGinn.
11:26 of 2nd period - Shot Misses the Net.
11:28 of 2nd period - Snap shot by Christian Fischer.
11:28 of 2nd period - Stopped by Juuse Saros with a rebound.
11:30 of 2nd period - Wrist shot by Christian Fischer.
11:30 of 2nd period - Stopped by Juuse Saros with a rebound.
12:15 of 2nd period - Snap shot by Kerby Rychel.
12:15 of 2nd period - Stopped by Juuse Saros without a rebound.
12:16 of 2nd period - Sven Baertschi wins face-off versus Chase De Leo in Mulligans zone.
12:16 of 2nd period - Sven Baertschi is hit by Nicolas Aube-Kubel.
12:29 of 2nd period - Wrist shot by Sven Baertschi.
12:29 of 2nd period - Shot Blocked by Kerby Rychel.
12:48 of 2nd period - Darren Dietz is hit by Brock McGinn.
13:02 of 2nd period - Backhand shot by Michael Chaput.
13:02 of 2nd period - Shot Misses the Net.
13:10 of 2nd period - William Nylander is hit by Robbie Russo and loses puck.
13:23 of 2nd period - Brandon Carlo is hit by Wiley Sherman and loses puck.
13:30 of 2nd period - Slapshot by Kevin Fiala.
13:30 of 2nd period - Shot Blocked by Logan Shaw.
13:32 of 2nd period - Snap shot by Brendan Guhle.
13:32 of 2nd period - Stopped by Juuse Saros without a rebound.
13:32 of 2nd period - Minor Penalty to Juuse Saros for Slashing.
13:33 of 2nd period - Maxime Macenauer wins face-off versus Oscar Sundqvist in Mulligans zone.
13:46 of 2nd period - Snap shot by Oscar Sundqvist.
13:46 of 2nd period - Goal by Oscar Sundqvist - Atomiques : 5 - Mulligans : 4.
13:47 of 2nd period - Anton Lander wins face-off versus Oscar Sundqvist in neutral zone.
14:17 of 2nd period - Wrist shot by William Nylander.
14:17 of 2nd period - Shot Blocked by Maxime Macenauer.
14:19 of 2nd period - Snap shot by Denis Gurianov.
14:19 of 2nd period - Stopped by Juuse Saros with a rebound.
14:21 of 2nd period - Wrist shot by Michael Chaput.
14:21 of 2nd period - Stopped by Juuse Saros with a rebound.
14:55 of 2nd period - Backhand shot by Brock McGinn.
14:55 of 2nd period - Stopped by Juuse Saros without a rebound.
14:56 of 2nd period - Anton Lander wins face-off versus Oscar Sundqvist in Mulligans zone.
14:56 of 2nd period - Anton Lander is hit by Christian Fischer.
15:06 of 2nd period - Slapshot by Anton Lander.
15:06 of 2nd period - Deflect By Matt Tennyson.
15:06 of 2nd period - Shot Blocked by Wiley Sherman.
15:06 of 2nd period - Puck is out of play.
15:07 of 2nd period - Oscar Sundqvist wins face-off versus Anton Lander in Atomiques zone.
15:12 of 2nd period - Slapshot by Matt Tennyson.
15:12 of 2nd period - Stopped by Juuse Saros without a rebound.
15:13 of 2nd period - Anton Lander wins face-off versus Oscar Sundqvist in Mulligans zone.
15:35 of 2nd period - Icing by Matt Tennyson.
15:36 of 2nd period - William Nylander wins face-off versus Maxime Macenauer in Atomiques zone.
16:43 of 2nd period - Icing by Nicolas Aube-Kubel.
16:44 of 2nd period - Jonny Brodzinski wins face-off versus Chase De Leo in Atomiques zone.
17:24 of 2nd period - Snap shot by Nicolas Aube-Kubel.
17:24 of 2nd period - Goal by Nicolas Aube-Kubel - Atomiques : 6 - Mulligans : 4.
17:25 of 2nd period - Oscar Sundqvist wins face-off versus Anton Lander in neutral zone.
17:55 of 2nd period - Wrist shot by Maxime Macenauer.
17:55 of 2nd period - Shot Misses the Net.
17:57 of 2nd period - Slapshot by Robbie Russo.
17:57 of 2nd period - Shot Misses the Net.
19:11 of 2nd period - Snap shot by Anton Lander.
19:11 of 2nd period - Shot Blocked by Denis Gurianov.
19:56 of 2nd period - Reid Boucher is hit by Brock McGinn and loses puck.
Goals for this period are 2 for Atomiques vs 2 for Mulligans.
Shots for this period are 13 for Atomiques vs 8 for Mulligans.
3rd period
0:01 of 3rd period - Anton Lander wins face-off versus Oscar Sundqvist in neutral zone.
0:26 of 3rd period - Robbie Russo is hit by Dylan Strome and loses puck.
0:55 of 3rd period - Minor Penalty to Kevin Fiala for Hooking.
0:56 of 3rd period - Oscar Sundqvist wins face-off versus Maxime Macenauer in Atomiques zone.
0:56 of 3rd period - Oscar Sundqvist is hit by Sam Bennett.
1:07 of 3rd period - Snap shot by Darren Dietz.
1:07 of 3rd period - Stopped by Alex Nedeljkovic with a rebound.
1:09 of 3rd period - Snap shot by Darren Dietz.
1:09 of 3rd period - Shot Blocked by Matt Tennyson.
2:55 of 3rd period - Penalty to Kevin Fiala is over, Kevin Fiala is back on ice.
3:05 of 3rd period - Brendan Guhle is hit by Dalton Thrower and loses puck.
3:18 of 3rd period - Wrist shot by Kevin Fiala.
3:18 of 3rd period - Shot Blocked by Sven Baertschi.
4:46 of 3rd period - Sven Baertschi is hit by Kerby Rychel and loses puck.
4:57 of 3rd period - Joonas Donskoi is hit by Matt Tennyson.
5:07 of 3rd period - Robbie Russo is hit by Dylan Strome and loses puck.
5:34 of 3rd period - Conor Garland is hit by Kerby Rychel and loses puck.
5:55 of 3rd period - Brandon Carlo is hit by Matt Tennyson.
6:09 of 3rd period - Brandon Carlo is hit by Christian Fischer and loses puck.
6:20 of 3rd period - Robbie Russo is hit by Sean Walker.
6:30 of 3rd period - Kerby Rychel is hit by Christian Wolanin and loses puck.
6:43 of 3rd period - Reid Boucher is hit by Michael Chaput.
7:24 of 3rd period - Anton Lander is hit by Brock McGinn and loses puck.
7:56 of 3rd period - Sam Bennett is hit by Michael Chaput and loses puck.
8:31 of 3rd period - Sven Baertschi is hit by Brendan Guhle.
8:49 of 3rd period - Jonny Brodzinski is hit by Matt Tennyson and loses puck.
9:40 of 3rd period - Slapshot by Dylan Strome.
9:40 of 3rd period - Stopped by Juuse Saros without a rebound.
9:41 of 3rd period - Jonny Brodzinski wins face-off versus Oscar Sundqvist in Mulligans zone.
9:54 of 3rd period - Jonny Brodzinski is hit by Oscar Sundqvist and loses puck.
10:11 of 3rd period - Wrist shot by Michael Chaput.
10:11 of 3rd period - Stopped by Juuse Saros with a rebound.
10:13 of 3rd period - Wrist shot by William Nylander.
10:13 of 3rd period - Stopped by Juuse Saros with a rebound.
10:15 of 3rd period - Slapshot by Wiley Sherman.
10:15 of 3rd period - Shot Blocked by Brandon Carlo.
10:17 of 3rd period - Slapshot by Matt Tennyson.
10:17 of 3rd period - Shot Blocked by Brett Seney.
10:26 of 3rd period - Off-side.
10:27 of 3rd period - Dylan Strome wins face-off versus Anton Lander in neutral zone.
10:34 of 3rd period - Slapshot by Kevin Fiala.
10:34 of 3rd period - Shot Misses the Net.
10:52 of 3rd period - Oscar Sundqvist is hit by Valeri Nichushkin and loses puck.
11:01 of 3rd period - Christian Fischer is hit by Maxime Macenauer and loses puck.
11:12 of 3rd period - Slapshot by Wiley Sherman.
11:12 of 3rd period - Stopped by Juuse Saros with a rebound.
11:14 of 3rd period - Snap shot by Michael Chaput.
11:14 of 3rd period - Shot Misses the Net.
11:16 of 3rd period - Slapshot by William Nylander.
11:16 of 3rd period - Shot Misses the Net.
11:22 of 3rd period - Snap shot by Michael Chaput.
11:22 of 3rd period - Shot Misses the Net.
12:06 of 3rd period - Icing by Kevin Fiala.
12:07 of 3rd period - Robby Fabbri wins face-off versus Oscar Sundqvist in Atomiques zone.
12:23 of 3rd period - Wrist shot by Reid Boucher.
12:23 of 3rd period - Stopped by Alex Nedeljkovic without a rebound.
12:24 of 3rd period - Anton Lander wins face-off versus Michael Chaput in Atomiques zone.
12:47 of 3rd period - Anton Lander is hit by Matt Tennyson and loses puck.
12:56 of 3rd period - Snap shot by Michael Chaput.
12:56 of 3rd period - Stopped by Juuse Saros without a rebound.
12:57 of 3rd period - Oscar Sundqvist wins face-off versus Maxime Macenauer in Mulligans zone.
13:16 of 3rd period - Darren Dietz is hit by Brendan Guhle and loses puck.
13:48 of 3rd period - Snap shot by Darren Dietz.
13:48 of 3rd period - Shot Misses the Net.
13:50 of 3rd period - Slapshot by Darren Dietz.
13:50 of 3rd period - Deflect By Valeri Nichushkin.
13:50 of 3rd period - Stopped by Alex Nedeljkovic without a rebound.
13:51 of 3rd period - Anton Lander wins face-off versus Michael Chaput in Atomiques zone.
13:52 of 3rd period - Wrist shot by Sven Baertschi.
13:52 of 3rd period - Shot Blocked by Matt Tennyson.
14:22 of 3rd period - Slapshot by Brandon Carlo.
14:22 of 3rd period - Stopped by Alex Nedeljkovic without a rebound.
14:23 of 3rd period - Robby Fabbri wins face-off versus Michael Chaput in Atomiques zone.
14:48 of 3rd period - Dylan Strome is hit by Logan Shaw.
14:56 of 3rd period - Wrist shot by Anton Lander.
14:56 of 3rd period - Shot Misses the Net.
14:58 of 3rd period - Slapshot by Logan Shaw.
14:58 of 3rd period - Goal by Logan Shaw - Atomiques : 6 - Mulligans : 5.
14:59 of 3rd period - Anton Lander wins face-off versus Oscar Sundqvist in neutral zone.
15:26 of 3rd period - Icing by Darren Dietz.
15:27 of 3rd period - Michael Chaput wins face-off versus Robby Fabbri in Mulligans zone.
15:28 of 3rd period - Snap shot by William Nylander.
15:28 of 3rd period - Shot Misses the Net.
15:36 of 3rd period - Snap shot by Reid Boucher.
15:36 of 3rd period - Shot Blocked by Denis Gurianov.
15:38 of 3rd period - Wrist shot by Reid Boucher.
15:38 of 3rd period - Shot Misses the Net.
15:40 of 3rd period - Wrist shot by Robby Fabbri.
15:40 of 3rd period - Stopped by Alex Nedeljkovic with a rebound.
15:42 of 3rd period - Slapshot by Brandon Carlo.
15:42 of 3rd period - Stopped by Alex Nedeljkovic with a rebound.
16:00 of 3rd period - Slapshot by Sven Baertschi.
16:00 of 3rd period - Stopped by Alex Nedeljkovic without a rebound.
16:01 of 3rd period - Brock McGinn wins face-off versus Anton Lander in Atomiques zone.
16:17 of 3rd period - Snap shot by Brock McGinn.
16:17 of 3rd period - Stopped by Juuse Saros with a rebound.
16:56 of 3rd period - Minor Penalty to Brendan Guhle for Hooking.
16:57 of 3rd period - Oscar Sundqvist wins face-off versus Anton Lander in Atomiques zone.
17:05 of 3rd period - Wrist shot by Oscar Sundqvist.
17:05 of 3rd period - Stopped by Juuse Saros with a rebound.
17:37 of 3rd period - Oscar Sundqvist is hit by Brandon Carlo and loses puck.
18:56 of 3rd period - Penalty to Brendan Guhle is over, Brendan Guhle is back on ice.
19:09 of 3rd period - Snap shot by Kerby Rychel.
19:09 of 3rd period - Goal by Kerby Rychel - Atomiques : 7 - Mulligans : 5.
19:10 of 3rd period - Kevin Fiala wins face-off versus Robby Fabbri in neutral zone.
19:15 of 3rd period - Backhand shot by Dylan Strome.
19:15 of 3rd period - Deflect By Brendan Perlini.
19:15 of 3rd period - Stopped by Juuse Saros with a rebound.
19:17 of 3rd period - Snap shot by Jeremy Lauzon.
19:17 of 3rd period - Stopped by Juuse Saros with a rebound.
19:19 of 3rd period - Minor Penalty to Robby Fabbri for Holding.
19:20 of 3rd period - Maxime Macenauer wins face-off versus Oscar Sundqvist in Mulligans zone.
19:35 of 3rd period - Backhand shot by Matt Tennyson.
19:35 of 3rd period - Stopped by Juuse Saros with a rebound.
Goals for this period are 1 for Atomiques vs 1 for Mulligans.
Shots for this period are 11 for Atomiques vs 8 for Mulligans.